 Dungeon Crawl Stone Soup version 0.31-a0-152-g6aa68a64a1 (webtiles) character file.

Game seed: 10416557382218547016

2079 qw the Skirmisher (level 9, 0/79 HPs)
             Began as a Minotaur Hunter on June 9, 2023.
             Slain by Menkaure (3 damage)
             ... on level 6 of the Dungeon.
             The game lasted 00:02:30 (5692 turns).

qw the Skirmisher (Minotaur Hunter)                 Turns: 5692, Time: 00:02:30

Health: 0/79       AC: 12    Str: 15    XL:     9   Next: 6%
Magic:  8/8        EV: 13    Int:  6    God:
Gold:   330        SH:  0    Dex: 19    Spells: 8/8 levels left

rFire   . . .        Y - +1 shortbow
rCold   . . .        (shield currently unavailable)
rNeg    . . .        o - +2 ring mail {rPois}
rPois   +            a - +1 hat
rElec   .            (no cloak)
rCorr   .            (no gloves)
SInv    .            (no boots)
Will    .....        (no amulet)
Stlth   +            i - +4 ring of protection
HPRegen 0.33/turn    (no ring)
MPRegen 0.11/turn

%: no passive effects
@: no status effects
A: horns 2, retaliatory headbutt
a: no special abilities


You were on level 6 of the Dungeon.
You visited 2 branches of the dungeon, and saw 7 of its levels.

You collected 330 gold pieces.


Innate Abilities, Weirdness & Mutations

You have a pair of horns on your head.
You reflexively headbutt those who attack you in melee.


   Skills:
 - Level 7.2 Fighting
 - Level 11.1 Ranged Weapons
 - Level 2.7 Armour
 + Level 4.6 Dodging
 - Level 0.7 Stealth


You had 8 spell levels left.
You didn't know any spells.
Your spell library was empty.

Inventory:

Hand Weapons
 Y - a +1 shortbow (weapon)
Armour
 a - a +1 hat (worn)
 n - a +1 leather armour of fire resistance
 o - a +2 ring mail of poison resistance (worn)
Jewellery
 i - a +4 ring of protection (left hand)
Wands
 j - a wand of digging (4)
Scrolls
 c - 2 scrolls of identify
Potions
 e - 5 potions of curing
 f - a potion of resistance
 g - 2 potions of haste {unknown}
 k - a potion of mutation {unknown}
 l - a potion of berserk rage {unknown}
 p - 2 potions of might

Dungeon Overview and Level Annotations

Branches:
Dungeon (6/15)             Temple (1/1) D:5

Altars:
Ashenzari
Cheibriados
Dithmenos
Elyvilon
Fedhas
Gozag
Hepliaklqana
Kikubaaqudgha
Makhleb
Nemelex Xobeh
Qazlal
Ru
Sif Muna
Vehumet
Wu Jian
Xom
Yredelemnul
Zin
The Shining One

Shops:
D:4 (   D:5 :

Annotations:
D:6 Menkaure


Message History

Pain shoots through your body!
You shoot an arrow. The arrow hits Menkaure.
Menkaure is lightly damaged.
You shoot an arrow. The arrow hits Menkaure.
Menkaure is lightly damaged.
You shoot an arrow. The arrow hits Menkaure.
Menkaure is moderately damaged.
Menkaure calls on the powers of darkness!
Your body is wracked with pain!
You shoot an arrow. The arrow hits Menkaure.
Menkaure is heavily damaged.
Menkaure mumbles some strange words.
Menkaure seems to speed up.
You shoot an arrow. The arrow hits Menkaure.
Menkaure is heavily damaged.
Menkaure gestures at you while chanting.
You struggle to resist.
You shoot an arrow.
The arrow hits Menkaure but does no damage.
Menkaure is heavily damaged.
Menkaure calls on the powers of darkness!
Your body is wracked with pain!
You shoot an arrow.
The arrow hits Menkaure but does no damage.
Menkaure is heavily damaged.
Menkaure closely misses you.
You shoot an arrow. The arrow hits Menkaure.
Menkaure is heavily damaged.
Menkaure calls on the powers of darkness!
Your body is wracked with pain!
You shoot an arrow. The arrow hits Menkaure.
Menkaure is heavily damaged.
Menkaure misses you.
You shoot an arrow. The arrow hits Menkaure!
Menkaure is almost destroyed.
Menkaure hits you.
You shoot an arrow. The arrow hits Menkaure.
Menkaure is almost destroyed.
Menkaure hits you.
You die...

.........# #########
##.#### .........#
##.#.#.#.## ##..#
.........#
#.........###..##
.........####.##'##.#....##
........#.##..#...#......#
........#.###.'...'.#....#
.......##.##..#...#......#
.......##...#.##'##.#.#.##
......####......@M...####
...#### ##..#.#.#.#.##
....## #...........#
....)####...........#
.......##............#
.......................
.........#.........###..
..........########## ##
.......).##


You could see Menkaure (fast).

Vanquished Creatures
  2 orc warriors (D:6)
  A black bear (D:5)
  4 ogres
  A centaur (D:5)
  A phantom (D:4)
  A kobold brigand (D:5)
  2 bullfrogs
  An elf zombie (D:4)
  An elf skeleton (D:4)
  2 scorpions (D:4)
  4 hounds
  A jelly (D:4)
  A sleepcap (D:3)
  6 orc priests
  A human skeleton (D:4)
  Natasha (thrice) (D:2)
  4 iguanas
  4 orc wizards (D:5)
  A gnoll (D:4)
  7 adders
  2 ufetubi (D:5)
  A dart slug (D:4)
  22 orcs
  9 ball pythons
  5 endoplasms
  4 giant cockroaches
  14 goblins
  12 hobgoblins
  7 jackals
  5 quokkas
  4 bats
  2 frilled lizards
  12 kobolds
  2 orc skeletons (D:4)
  An orc zombie (D:4)
  3 rats
153 creatures vanquished.

Notes
Turn   | Place    | Note
-------+----------+-------------------------------------------
     0 | D:1      | qw the Minotaur Hunter began the quest for the Orb.
     0 | D:1      | Reached XP level 1. HP: 18/18 MP: 0/0
     0 | D:1      | 0 ||| qw: Version: 0.2-a-121-gba3a3e5
     0 | D:1      | 0 ||| qw: Game counter: 3225
     0 | D:1      | 0 ||| qw: Always use a shield: true
     0 | D:1      | 0 ||| qw: God list: Okawaru
     0 | D:1      | 0 ||| qw: Allow faded altars: false
     0 | D:1      | 0 ||| qw: Do Orc after D:15 true
     0 | D:1      | 0 ||| qw: Do second Lair branch before Depths: true
     0 | D:1      | 0 ||| qw: Lair rune preference: random
     0 | D:1      | 0 ||| qw: Plans: Normal
     0 | D:1      | 0 ||| PLANNING D:1-11
   134 | D:1      | Reached XP level 2. HP: 24/25 MP: 1/1
   282 | D:1      | Reached skill level 5 in Ranged Weapons
   410 | D:1      | Reached skill level 3 in Fighting
   843 | D:1      | 843 ||| READING scroll labelled RITALE COFOXU.
   844 | D:1      | 844 ||| READING scroll labelled KIVUALYRET.
   845 | D:1      | 845 ||| READING scroll labelled MECOSYNUDE.
   946 | D:1      | 946 ||| DRINKING 2 sapphire potions.
   947 | D:1      | 947 ||| DROPPING scroll of butterflies.
   986 | D:2      | Reached XP level 3. HP: 31/31 MP: 2/2
  1119 | D:2      | Found a radiant altar of Vehumet.
  1313 | D:2      | Noticed Natasha
  1315 | D:2      | Killed Natasha
  1316 | D:2      | Reached skill level 6 in Ranged Weapons
  1316 | D:2      | Reached XP level 4. HP: 38/38 MP: 3/3
  1567 | D:2      | Noticed Natasha
  1574 | D:2      | Killed Natasha
  1634 | D:2      | Noticed Natasha
  1645 | D:2      | Killed Natasha
  1646 | D:2      | Reached XP level 5. HP: 27/47 MP: 4/4
  1817 | D:2      | 1817 ||| UPGRADING to +1 hat.
  1822 | D:2      | 1822 ||| DROPPING ring of wizardry.
  1823 | D:2      | 1823 ||| UPGRADING to +4 ring of protection.
  1824 | D:2      | 1824 ||| READING scroll labelled IRCHIH FYIDOAVA.
  1825 | D:2      | 1825 ||| DRINKING 2 metallic white potions.
  1826 | D:2      | 1826 ||| DROPPING potion of invisibility.
  1873 | D:3      | 1873 ||| Stepping ~*~*~tactically~*~*~ (outnumbered).
  2508 | D:3      | 2508 ||| UPGRADING to +0 ring mail.
  2518 | D:3      | 2518 ||| DROPPING +0 leather armour.
  2543 | D:4      | 2543 ||| PLANNING OSSUARY
  2564 | D:4      | Reached skill level 1 in Armour
  2628 | D:4      | Noticed an ogre
  2637 | D:4      | Killed an ogre
  2638 | D:4      | Reached skill level 7 in Ranged Weapons
  2638 | D:4      | Reached XP level 6. HP: 42/53 MP: 5/5
  2752 | D:4      | Reached skill level 8 in Ranged Weapons
  2888 | D:4      | Reached XP level 7. HP: 56/61 MP: 6/6
  2932 | D:4      | Reached skill level 3 in Dodging
  2940 | D:4      | HP: 11/61 [gnoll/+0 spear (6)]
  3155 | D:4      | 3155 ||| RIP OSSUARY
  3158 | D:4      | 3158 ||| PLANNING D:1-11
  3379 | D:4      | Reached skill level 9 in Ranged Weapons
  3486 | D:4      | Found Pomp's Weapon Shoppe.
  3570 | D:4      | 3570 ||| DRINKING 2 yellow potions.
  3571 | D:4      | 3571 ||| READING 2 scrolls of identify.
  3571 | D:4      | 3571 ||| IDENTIFYING amethyst potion
  3572 | D:4      | 3572 ||| DROPPING potion of degeneration.
  3573 | D:4      | 3573 ||| DROPPING potion of brilliance.
  3588 | D:5      | Entered Level 5 of the Dungeon
  3591 | D:5      | 3591 ||| STAIRDANCE
  3691 | D:5      | Found a staircase to the Ecumenical Temple.
  3692 | D:5      | 3692 ||| PLANNING TEMPLE
  3766 | D:5      | Reached skill level 6 in Fighting
  3766 | D:5      | Reached XP level 8. HP: 50/70 MP: 7/7
  3893 | D:5      | 3893 ||| Stepping ~*~*~tactically~*~*~ (outnumbered).
  3898 | D:5      | 3898 ||| Stepping ~*~*~tactically~*~*~ (outnumbered).
  3911 | D:5      | Reached skill level 10 in Ranged Weapons
  3915 | D:5      | HP: 15/71 [orc priest/divine providence (14)]
  3920 | D:5      | HP: 11/71 [hound (3)]
  4245 | D:5      | Found Cieciczy's Book Shop.
  4384 | D:5      | Found a shimmering blue altar of Sif Muna.
  4399 | D:5      | Found an ancient bone altar of Kikubaaqudgha.
  4419 | D:5      | Found a radiant altar of Vehumet.
  4423 | D:5      | 4423 ||| UPGRADING to +1 leather armour of fire resistance.
  4433 | D:5      | 4433 ||| DROPPING +0 ring mail.
  4434 | D:5      | 4434 ||| UPGRADING to +2 ring mail of poison resistance.
  4444 | D:5      | 4444 ||| READING 2 scrolls labelled KIKHLA EM LOSIPP.
  4447 | D:5      | 4447 ||| READING scroll labelled VOUSTYK WOX VOBYLO.
  4448 | D:5      | 4448 ||| DRINKING 2 blue potions.
  4449 | D:5      | 4449 ||| DRINKING 2 metallic emerald potions.
  4450 | D:5      | 4450 ||| DROPPING potion of enlightenment.
  4471 | Temple   | Entered the Ecumenical Temple
  4693 | Temple   | 4693 ||| PLANNING D:1-11
  4743 | D:6      | 4743 ||| STAIRDANCE
  4884 | D:6      | 4884 ||| STAIRDANCE
  5023 | D:6      | Reached skill level 11 in Ranged Weapons
  5036 | D:6      | HP: 16/73 [orc priest/+0 flail (3)]
  5037 | D:6      | 5037 ||| READING scroll of teleportation.
  5040 | D:6      | 5040 ||| FLEEEEING.
  5041 | D:6      | 5041 ||| FLEEEEING.
  5045 | D:6      | Reached XP level 9. HP: 21/79 MP: 8/8
  5274 | D:6      | 5274 ||| READING scroll labelled MALAHU FIREDO.
  5289 | D:5      | 5289 ||| READING 2 scrolls of identify.
  5289 | D:5      | 5289 ||| IDENTIFYING sedimented emerald potion
  5537 | D:6      | 5537 ||| DROPPING +2 sling of draining.
  5659 | D:6      | Noticed Menkaure
  5660 | D:6      | 5660 ||| FLEEEEING.
  5661 | D:6      | 5661 ||| FLEEEEING.
  5687 | D:6      | HP: 13/79 [??? (10)]
  5691 | D:6      | HP: 3/79 [Menkaure (6)]
  5692 | D:6      | Slain by Menkaure

Levels and vault maps discovered:
D:1:      dpeg_arrival_chambers_temple_mockup, layout_basic,
          amcnicky_mini_pool_small
D:2:      layout_loops_ring, basic_altar, uniq_natasha
D:3:      layout_loops_ring
D:4:      minmay_bubble_buster, layout_rooms, nicolae_ossuary_entry_catacombs,
          kennysheep_small_square
D:5:      layout_cave_pools, palyth_temple_overflow_mages, temple_pool_b,
          nicolae_take_the_stairs
D:6:      layout_cave_pods, minmay_misc_feat_doors, uniq_menkaure
Temple:   minmay_temple_bridge_d

Skill      XL: |  1  2  3  4  5  6  7  8 |
---------------+-------------------------+-----
Ranged Weapons | 5 6 7 8 9 11 | 11.1
Fighting       | 3 4 5 6 7 |  7.2
Armour         | 1 2 |  2.7
Dodging        | 3 4 |  4.6
Stealth        | |  0.7

Action                     |  1- 3 |  4- 6 |  7- 9 || total
---------------------------+-------+-------+-------++-------
   Fire: Shortbow          |   126 |   168 |   346 ||   640
    Use: Scroll            |     3 |     1 |     6 ||    10
         Potion            |     1 |     1 |     3 ||     5
 Armour: Leather armour    |    13 |    10 |       ||    23
         Ring mail         |       |    19 |    97 ||   116
  Dodge: Dodged            |    40 |    65 |   166 ||   271

Table legend:
 A = Non-vault XP
 B = Vault XP
 C = Vault XP percentage of total XP
 D = Non-vault monster count
 E = Vault monster count
 F = Vault count percentage of total count
                 A         B        C        D         E       F
            +---------+---------+-------+---------+---------+-------
      Total |    2267 |     704 |  23.7 |     127 |      26 |  17.0
            +---------+---------+-------+---------+---------+-------
        D:1 |      37 |       0 |   0.0 |      22 |       0 |   0.0
        D:2 |     134 |      35 |  20.7 |      25 |       1 |   3.8
        D:3 |     101 |       0 |   0.0 |      25 |       0 |   0.0
        D:4 |     399 |     563 |  58.5 |      14 |      22 |  61.1
        D:5 |    1019 |     106 |   9.4 |      21 |       3 |  12.5
        D:6 |     577 |       0 |   0.0 |      20 |       0 |   0.0
            +---------+---------+-------+---------+---------+-------
